 Dungeon Crawl Stone Soup version 0.24.0-28-g17ded55e90 (webtiles) character file.

Game seed: 11894715556209352339, levelgen mode: deterministic

358 loralnil the Insei (level 6, 0/32 HPs)
             Began as a Vine Stalker Transmuter on Nov 12, 2019.
             Was an Initiate of Dithmenos.
             Killed from afar by an orc wizard (5 damage)
             ... with a magic dart
             ... on level 4 of the Dungeon.
             The game lasted 00:06:51 (2860 turns).

loralnil the Insei (Vine Stalker Transmuter)        Turns: 2860, Time: 00:06:52

Health: 0/32       AC:  2    Str: 14    XL:     6   Next: 64%
Magic:  0/12       EV: 15    Int: 14    God:    Dithmenos [......]
Gold:   189        SH:  0    Dex: 14    Spells: 6/12 levels left

rFire    . . .     SeeInvis .     - Unarmed
rCold    . . .     Gourm    .   (no shield)
rNeg     . . .     Faith    .   b - +0 robe
rPois    .         Spirit   +   (no helmet)
rElec    .         Reflect  .   (no cloak)
rCorr    .         Harm     .   (no gloves)
MR       .....                  (boots currently unavailable)
Stlth    +.........             (no amulet)
HPRegen  0.50/turn              f - +2 ring of evasion
MPRegen  0.13/turn              (no ring)

@: appendage, very slightly contaminated, lightly drained
A: fangs 2, talons 3, regeneration 1, magic shield, antimagic bite, no potion
heal 3, rot immunity
a: End Transformation, Renounce Religion


You were on level 4 of the Dungeon.
You worshipped Dithmenos.
Dithmenos was noncommittal.
You were not hungry.
You had grown temporary talons.
You visited 1 branch of the dungeon, and saw 4 of its levels.

You collected 189 gold pieces.

Inventory:

Missiles
 a - 12 arrows
Armour
 b - a +0 robe (worn)
Jewellery
 f - a +2 ring of evasion (left hand)
Scrolls
 c - a scroll of remove curse {unknown}
 g - 3 scrolls of teleportation
 h - 5 scrolls of fog
 j - a scroll of random uselessness {unknown}
 k - a scroll of noise {unknown}
 l - a scroll of enchant weapon {unknown}
Potions
 i - 3 potions of curing
Comestibles
 d - 6 rations
 n - 3 chunks of flesh


   Skills:
 + Level 2.5(2.4) Fighting
 + Level 2.9(2.8) Dodging
 + Level 4.1(4.0) Unarmed Combat
 + Level 3.6(3.5) Spellcasting
 + Level 3.4(3.3) Transmutations


You had 6 spell levels left.
You knew the following spells:

 Your Spells              Type           Power        Failure   Level  Hunger
a - Beastly Appendage     Tmut           ##....       4%          1    #......
b - Sticks to Snakes      Tmut           ##......     8%          2    ##.....
c - Spider Form           Tmut/Pois      #.........   30%         3    ###....

Your spell library contained the following spells:

 Spells                   Type           Power        Failure   Level  Hunger
 Animate Skeleton         Necr           N/A          21%         1    #......
 Pain                     Necr           #...         21%         1    #......
 Regeneration             Chrm/Necr      #.........   52%         3    ###....
 Vampiric Draining        Necr           #.........   52%         3    ###....
 Ice Form                 Ice/Tmut       #.......     71%         4    #####..
 Blade Hands              Tmut           ##........   80%         5    ######.
 Animate Dead             Necr           N/A          90%         4    #####..


Dungeon Overview and Level Annotations

Branches:
Dungeon (4/15)
 Temple: D:4-7

Altars:
Dithmenos
Gozag
Hepliaklqana
Kikubaaqudgha
Makhleb
Uskayaw
Vehumet


Innate Abilities, Weirdness & Mutations

You have extremely sharp teeth.
Your natural rate of healing is unusually fast.
When hurt, damage is shared between your health and your magic reserves.
Your bite disrupts and absorbs the magic of your enemies.
Potions cannot restore your health.
You are immune to rotting.
You have claws for feet.


Message History

You hit the orc.
The orc is severely wounded.
The orc hits you.
* * * LOW HITPOINT WARNING * * *
You closely miss the orc.
The orc is severely wounded.
The orc barely misses you.
You barely miss the orc. You claw the orc, but do no damage.
Your bite misses the orc.
The orc is severely wounded.
The orc barely misses you.
You barely miss the orc. Your kick misses the orc.
The orc is severely wounded.
The orc completely misses you.
You hit the orc.
You kill the orc!
Dithmenos accepts your kill.
The orc wizard gestures at you while chanting.
The magic dart hits you.
You die...

##...#...###.....
###..##..#.##...#
####.#......#...#
................#
..>.............#
................#######.
.........)..............
.........<..##.[......#
.........#####.)@#
.........# ##o###...
.........####†.....#
...........#.).#...#
#..........?..###.##
#.........#.#..# ##
#..........##..#
..##........##..#
..###........#...#


You could see an orc wizard.

Vanquished Creatures
  3 howler monkeys
  An orc priest (D:4)
  A bullfrog skeleton (D:4)
  A worker ant (D:3)
  A howler monkey skeleton (D:4)
  5 adders
  3 oozes
  4 worms
  2 dart slugs
  2 leopard geckos
  4 orcs (D:4)
  A ball python (D:1)
  2 giant cockroaches (D:1)
  6 hobgoblins
  5 jackals
  10 kobolds
  3 quokkas
  5 bats
  5 frilled lizards
  7 goblins
  A quokka skeleton (D:4)
  7 rats
79 creatures vanquished.

Notes
Turn   | Place    | Note
-------+----------+-------------------------------------------
     0 | D:1      | loralnil the Vine Stalker Transmuter began the quest for
                  | the Orb.
     0 | D:1      | Reached XP level 1. HP: 9/9 MP: 4/4
    81 | D:1      | Reached skill level 1 in Fighting
   180 | D:1      | Reached XP level 2. HP: 11/14 MP: 3/6
   278 | D:1      | Learned a level 2 spell: Sticks to Snakes
   405 | D:1      | Reached XP level 3. HP: 16/18 MP: 7/7
   577 | D:1      | You fall into a shaft and drop 1 floor!
   733 | D:2      | Found a hide-covered altar of Uskayaw.
   733 | D:2      | Noticed a +0 hand axe
   733 | D:2      | Noticed a +0 hand axe
  1038 | D:2      | Found a burning altar of Makhleb.
  1044 | D:2      | Found a radiant altar of Vehumet.
  1061 | D:2      | Gained mutation: Your natural rate of healing is unusually
                  | fast. [Vine Stalker growth]
  1061 | D:2      | Reached XP level 4. HP: 10/22 MP: 7/9
  1302 | D:2      | Found an opulent altar of Gozag.
  1799 | D:2      | Found a shadowy altar of Dithmenos.
  1799 | D:2      | Found an ancient bone altar of Kikubaaqudgha.
  1802 | D:2      | Became a worshipper of Dithmenos the Shadowed
  2056 | D:3      | Learned a level 3 spell: Spider Form
  2078 | D:3      | Reached XP level 5. HP: 26/26 MP: 8/10
  2517 | D:3      | Found a hazy altar of Hepliaklqana.
  2626 | D:4      | Reached XP level 6. HP: 30/30 MP: 11/11
  2681 | D:4      | Reached skill level 4 in Unarmed Combat
  2701 | D:4      | Noticed a phantom
  2724 | D:3      | HP: 1/32 [worker ant (2)]
  2860 | D:4      | Killed from afar by an orc wizard

Levels and vault maps discovered:
D:1:      wander_arrival_chamber, layout_loops_ring
D:2:      wad_crossroads, layout_basic, grunt_temple_overflow_open,
          dancing_weapons_uskayaw, grunt_gozag_statues,
          gammafunk_temple_overflow_elements, serial_forest,
          infiniplex_forest_clump_tiny, infiniplex_forest_clump_diagonal,
          infiniplex_forest_lined_3, infiniplex_forest_clump_cross,
          infiniplex_forest_lined_4_way, infiniplex_forest_join
D:3:      layout_loops_ring, lemuel_crystal_altar, first_ration,
          corexii_leaking_fountain, minivault_19
D:4:      layout_cave_pools, zin_purify, cheibrodos_ashenzari_chains,
          minmay_temple_entry_statues_fountains, trog_book, uniq_robin

Skill      XL: |  1  2  3  4  5  6 |
---------------+-------------------+-----
Fighting       | 1 2 |  2.5
Dodging        | 2 |  2.9
Spellcasting   | 3 |  3.6
Transmutations | 3 |  3.4
Unarmed Combat | 4 |  4.1

Action                   |  1- 3 |  4- 6 || total
-------------------------+-------+-------++-------
Melee: Unarmed           |   110 |   185 ||   295
       Bite              |    23 |    37 ||    60
       Headbutt          |     8 |     5 ||    13
       Kick              |     8 |    15 ||    23
       Punch             |     1 |       ||     1
 Cast: Beastly Appendage |    16 |    20 ||    36
       Spider Form       |       |     1 ||     1
  Use: Scroll            |       |     4 ||     4
       Potion            |       |     2 ||     2
 Stab: Sleeping          |     4 |     2 ||     6
  Eat: Chunk             |     1 |     6 ||     7
Armor: Robe              |    13 |    16 ||    29
Dodge: Dodged            |    60 |   123 ||   183
